 Dungeon Crawl Stone Soup version 0.27-a0-1196-g3e9cee4cb2 (webtiles) character file.

Game seed: 3962020851122661399

10 Glokmah the Charlatan (level 2, -1/22 HPs)
             Began as a Palentonga Artificer on May 29, 2021.
             Slain by a goblin
             ... wielding a +0 dagger of venom
              (2 damage)
             ... on level 1 of the Dungeon.
             The game lasted 00:00:58 (282 turns).

Glokmah the Charlatan (Palentonga Artificer)         Turns: 282, Time: 00:01:00

Health: -1/22      AC:  5    Str: 15    XL:     2   Next: 10%
Magic:  2/2        EV:  8    Int: 11    God:
Gold:   0          SH:  0    Dex: 10    Spells: 1/1 levels left

rFire    . . .     SeeInvis +   a - +0 club
rCold    . . .     Faith    .   (no shield)
rNeg     . . .     Spirit   .   f - +0 ring mail
rPois    .         Reflect  .   (no helmet)
rElec    .         Harm     .   (no cloak)
rCorr    .         Rampage  .   (no gloves)
Will     .....                  (no barding)
Stlth    +.........             (no amulet)
HPRegen  0.07/turn              (no ring)
MPRegen  0.08/turn              (no ring)

@: lethally poisoned (-1 -> -7)
A: large, rugged brown scales 3, see invisible, deformed body, roll 1, armoured
tail
a: Rolling Charge


You were on level 1 of the Dungeon.
You visited 1 branch of the dungeon, and saw 1 of its levels.

Inventory:

Hand Weapons
 a - a +0 club (weapon)
Armour
 f - a +0 ring mail (worn)
Wands
 c - a wand of flame (15) (quivered)
 d - a wand of charming (15)
Miscellaneous
 e - a piece from Xom's chessboard (15/15)


   Skills:
 + Level 1.4 Fighting
 - Level 1.5 Armour
 - Level 0.7 Dodging
 - Level 0.5 Stealth
 * Level 3.1 Evocations


You had one spell level left.
You didn't know any spells.
Your spell library was empty.

Dungeon Overview and Level Annotations

Branches:
Dungeon (1/15)

Altars:

Shops:
D:1 [


Innate Abilities, Weirdness & Mutations

You are completely covered in rugged brown scales. (AC +3, +7% HP)
You have supernaturally acute eyesight. (SInv)
Armour fits poorly on your strangely shaped body.
You can roll at nearby foes to attack.
You have a long armoured tail.


Message History

The goblin shouts! x2
The hobgoblin hits you.
You hit the hobgoblin but do no damage. The hobgoblin barely misses you.
You completely miss the hobgoblin. The hobgoblin barely misses you.
You closely miss the hobgoblin. You tail-slap the hobgoblin.
The hobgoblin is severely wounded.
The hobgoblin hits you.
You hit the endoplasm.
The endoplasm is severely wounded.
The endoplasm hits you but does no damage. x2
You hit the endoplasm.
You kill the endoplasm!
You have reached level 2!
You hit the goblin but do no damage.
Your tail-slap misses the goblin.
The goblin hits you but does no damage. The hobgoblin barely misses you.
You barely miss the goblin. The goblin barely misses you.
The hobgoblin barely misses you.
You hit the goblin.
Your tail-slap misses the goblin.
The goblin is severely wounded.
The goblin hits you but does no damage. The hobgoblin hits you.
You hit the goblin.
You kill the goblin!
The hobgoblin hits you but does no damage.
You barely miss the hobgoblin.
Your tail-slap misses the hobgoblin.
The hobgoblin is severely wounded.
The hobgoblin hits you but does no damage.
The goblin hits you with a +0 dagger of venom.
You closely miss the hobgoblin.
The hobgoblin is severely wounded.
The hobgoblin hits you.
The goblin hits you with a +0 dagger of venom.
You are lethally poisoned!
You barely miss the hobgoblin.
The hobgoblin is severely wounded.
* * * LOW HITPOINT WARNING * * *
You feel very sick. The hobgoblin hits you.
* * * LOW HITPOINT WARNING * * *
The goblin hits you with a +0 dagger of venom.
You die...

.≈≈.P........# ##....###
≈≈≈.....##..# .......#
P...##.##..# #...#.#
...##.##..# #..#.# #..##.##..#
##..#.# #..##.##..#
#..#.##......
###.##..##.##..###..#.##...#.#
............#g....>...........
###.#.#.....g@.#...........#.#
# ##..##..####.#..#.###..#.#
#..##..####.#..#.###..#.#
#..##...................#
...###.......†.......####
...........######.#####
##########.∩# #.# ##.######.#
#..>.....#


You could see a hobgoblin and a goblin.

Vanquished Creatures
  A bat (D:1)
  2 endoplasms (D:1)
  A giant cockroach (D:1)
  A goblin (D:1)
  A hobgoblin (D:1)
  2 ball pythons (D:1)
  A frilled lizard (D:1)
9 creatures vanquished.

Notes
Turn   | Place    | Note
-------+----------+-------------------------------------------
     0 | D:1      | Glokmah the Palentonga Artificer began the quest for the
                  | Orb.
     0 | D:1      | Reached XP level 1. HP: 16/16 MP: 1/1
   219 | D:1      | Reached skill level 3 in Evocations
   237 | D:1      | Found Qonk's Antique Armour Shoppe.
   276 | D:1      | Reached XP level 2. HP: 18/22 MP: 2/2
   282 | D:1      | HP: 1/22 [hobgoblin (3)]
   282 | D:1      | Slain by a goblin

Illustrated notes

Levels and vault maps discovered:
D:1:      scummos_arrival_forest, layout_loops_ring, serial_shops, shop,
          roderic_lattice_a, serial_bayou_pond_b, minmay_cut_off

Skill      XL: |  1 |
---------------+----+-----
Evocations     | 3 |  3.1
Fighting       | |  1.4
Armour         | |  1.5
Dodging        | |  0.7
Stealth        | |  0.5

Action                   || total
-------------------------++-------
Melee: Club              ||    32
       Tailslap          ||     3
 Abil: Rolling Charge    ||     1
Armor: Ring mail         ||    12
       Leather armour    ||     4
Dodge: Dodged            ||    15

Table legend: (Time is in decaauts)
 A = Elapsed time spent in this place.
 B = Non-inter-level travel time spent in this place.
 C = Inter-level travel time spent in this place.
 D = Time resting spent in this place.
 E = Time spent auto-exploring this place.
 F = Levels seen in this place.
 G = Mean time per level.
                   A        B        C        D        E       F      G
               +--------+--------+--------+--------+--------+-----+--------+
         Total |    291 |    291 |      0 |      0 |    189 |   1 |  291.0 |
       Dungeon |    291 |    291 |      0 |      0 |    189 |   1 |  291.0 |
               +--------+--------+--------+--------+--------+-----+--------+

Top non-repeatable levels by time:
     D:1: 291 daAuts
